 Dungeon Crawl Stone Soup version 0.29-a0-96-g93358da72b (webtiles) character file.

Game seed: 7937585300222022285

238 jbasstz the Ducker (level 5, -11/53 HPs)
             Began as a Troll Fighter on Feb 12, 2022.
             Mangled by an ogre (33 damage)
             ... on level 4 of the Dungeon.
             The game lasted 00:08:43 (2372 turns).

jbasstz the Ducker (Troll Fighter)                  Turns: 2372, Time: 00:08:44

Health: -11/53     AC:  4    Str: 26    XL:     5   Next: 78%
Magic:  4/4        EV:  9    Int:  4    God:
Gold:   152        SH:  7    Dex:  9    Spells: 4/4 levels left

rFire   . . .      SeeInvis .   a - +0 rapier
rCold   . . .      Faith    .   c - +0 kite shield
rNeg    . . .      Spirit   .   b - +0 robe
rPois   .          Reflect  .   (helmet restricted)
rElec   .          Harm     .   l - scarf {shadows}
rCorr   .          Rampage  .   (gloves unavailable)
Will    .....                   (boots unavailable)
Stlth   +.........              (no amulet)
HPRegen 0.97/turn               (no ring)
MPRegen 0.09/turn               (no ring)

@: no status effects
A: large, unfitting armour, claws 3, regeneration 1, shaggy fur 1, tough skin 1
a: no special abilities


You were on level 4 of the Dungeon.
You visited 1 branch of the dungeon, and saw 4 of its levels.

You collected 152 gold pieces.

Inventory:

Hand Weapons
 a - a +0 rapier (weapon)
Armour
 b - a +0 robe (worn)
 c - a +0 kite shield (worn)
 l - a scarf of shadows (worn)
 p - a +2 buckler of reflection
Magical Staves
 f - a staff of death
Scrolls
 g - 3 scrolls of teleportation {unknown}
 h - 2 scrolls of identify {unknown}
 j - a scroll of magic mapping {unknown}
 m - 2 scrolls of immolation {unknown}
 n - 2 scrolls of summoning {unknown}
 q - a scroll of brand weapon {unknown}
 t - a scroll of enchant weapon {unknown}
Potions
 d - a potion of might
 e - a potion of berserk rage {unknown}
 i - 2 potions of attraction {unknown}
 k - a potion of heal wounds {unknown}
 o - a potion of haste {unknown}
 r - a potion of resistance {unknown}
 s - 2 potions of curing {unknown}
 u - a potion of mutation {unknown}


   Skills:
 + Level 3.0 Fighting
 + Level 3.0 Short Blades
 + Level 3.4 Dodging
 + Level 0.2 Stealth
 + Level 3.4 Shields


You had 4 spell levels left.
You didn't know any spells.
Your spell library contained the following spells:

 Spells                   Type           Power      Damage    Failure   Level
 Slow                     Hex            0%         N/A       80%         1
 Confusing Touch          Hex            0%         N/A       99%         3
 Vampiric Draining        Necr           0%         2d6       99%         3


Dungeon Overview and Level Annotations

Branches:
Dungeon (4/15)
 Temple: D:4-7

Altars:
Vehumet
Wu Jian


Innate Abilities, Weirdness & Mutations

You are too large for most types of armour.
You have claws for hands.
Your natural rate of healing is unusually fast.
You are covered in fur. (AC +1)
You have tough skin. (AC +1)


Message History

The ball python hisses angrily.
A ball python is nearby!
Found a fizzy coppery potion and a ring mail.
The ball python bites you.
You closely miss the ball python. The ball python misses you.
You barely miss the ball python.
The ball python bites you but does no damage. x2
You puncture the ball python!
You kill the ball python!
You see here a ball python corpse.
u - a fizzy coppery potion A giant cockroach comes into view.
You barely miss the giant cockroach.
The giant cockroach bites you but does no damage. x2
You hit the giant cockroach.
The giant cockroach is severely wounded.
The giant cockroach bites you but does no damage.
You hit the giant cockroach.
You kill the giant cockroach!
An ogre comes into view. It is wielding a +0 giant spiked club.
The ogre shouts!
The ogre closely misses you.
You hit the ogre.
The ogre is lightly wounded.
The ogre hits you with a +0 giant spiked club!!
Ouch! That really hurt!
You hit the ogre.
The ogre is lightly wounded.
The ogre barely misses you.
You barely miss the ogre.
The ogre is lightly wounded.
The ogre closely misses you.
You hit the ogre but do no damage.
The ogre is lightly wounded.
You block the ogre's attack.
You puncture the ogre!
The ogre is heavily wounded.
The ogre hits you with a +0 giant spiked club!!
Ouch! That really hurt!
You die...

....#....
#.......
#...... #.....
.... #.#######
#.O@....#
#######.# #.#
#.# #.#
##.#####
######..#...#
#.......#.#.#
#.#####†..#.#.#


You could see an ogre.

Vanquished Creatures
  An ogre (D:4)
  An orc wizard (D:3)
  4 adders
  A worm (D:2)
  5 dart slugs
  4 orcs (D:3)
  2 ball pythons
  4 endoplasms
  10 giant cockroaches
  5 goblins
  5 hobgoblins
  5 jackals
  6 kobolds
  2 quokkas
  7 bats
  2 frilled lizards
  6 rats
70 creatures vanquished.

Vanquished Creatures (others)
  20 fungi (D:4)
20 creatures vanquished.

Grand Total: 90 creatures vanquished

Notes
Turn   | Place    | Note
-------+----------+-------------------------------------------
     0 | D:1      | jbasstz the Troll Fighter began the quest for the Orb.
     0 | D:1      | Reached XP level 1. HP: 22/22 MP: 0/0
    30 | D:1      | Found a faded altar of an unknown god.
    89 | D:1      | Reached XP level 2. HP: 26/29 MP: 1/1
   469 | D:1      | Reached XP level 3. HP: 25/36 MP: 2/2
   947 | D:2      | Reached XP level 4. HP: 44/44 MP: 3/3
  1668 | D:3      | Reached XP level 5. HP: 52/52 MP: 4/4
  1795 | D:3      | Found an ornate altar of the Wu Jian Council.
  2203 | D:4      | Noticed an ogre
  2218 | D:4      | Killed an ogre
  2238 | D:4      | Found a radiant altar of Vehumet.
  2361 | D:4      | Noticed an ogre
  2372 | D:4      | Mangled by an ogre

Illustrated notes

Levels and vault maps discovered:
D:1:      minmay_arrival_wavy_path, layout_basic,
          ebering_ecumenical_altar_abandoned, serial_park_tiny_1
D:2:      layout_basic
D:3:      layout_basic, mainiacjoe_overflow_alcove_4
D:4:      layout_basic, mainiacjoe_overflow_catwalk,
          mainiacjoe_overflow_cross_hatched, hangedman_decor_clover_reticule,
          minmay_misc_feat_square

Skill      XL: |  1  2  3  4  5 |
---------------+----------------+-----
Short Blades   | 2 3 |  3.0
Shields        | 3 |  3.4
Dodging        | 3 |  3.4
Fighting       | 3 |  3.0
Stealth        | |  0.2

Action                   |  1- 3 |  4- 6 || total
-------------------------+-------+-------++-------
Melee: Rapier            |   112 |   106 ||   218
 Stab: Sleeping          |     1 |       ||     1
Armor: Robe              |    39 |    23 ||    62
Dodge: Dodged            |    50 |    36 ||    86
Block: Kite shield       |    51 |    31 ||    82

Table legend: (Time is in decaauts)
 A = Elapsed time spent in this place.
 B = Non-inter-level travel time spent in this place.
 C = Inter-level travel time spent in this place.
 D = Time resting spent in this place.
 E = Time spent auto-exploring this place.
 F = Levels seen in this place.
 G = Mean time per level.
                   A        B        C        D        E       F      G
               +--------+--------+--------+--------+--------+-----+--------+
         Total |   2422 |   2422 |      0 |      7 |   1649 |   4 |  605.5 |
       Dungeon |   2422 |   2422 |      0 |      7 |   1649 |   4 |  605.5 |
               +--------+--------+--------+--------+--------+-----+--------+

Top non-repeatable levels by time:
     D:1: 814 daAuts
     D:3: 718 daAuts
     D:2: 607 daAuts
     D:4: 282 daAuts
